 Dungeon Crawl Stone Soup version 0.28.0-45-g0d030f2227 (webtiles) character file.

Game seed: 15907313303798107691

0 cbfl8 the Sneak (level 1, -1/19 HPs)
             Began as a Minotaur Delver on Apr 16, 2022.
             Slain by an iguana (9 damage)
             ... on level 5 of the Dungeon.
             The game lasted 00:00:18 (68 turns).

cbfl8 the Sneak (Minotaur Delver)                     Turns: 68, Time: 00:00:19

Health: -1/19      AC:  3    Str: 16    XL:     1   Next: 0%
Magic:  0/0        EV: 11    Int:  7    God:
Gold:   0          SH:  0    Dex: 11    Spells: 0/0 levels left

rFire   . . .      SeeInvis .   a - +0 hand axe
rCold   . . .      Faith    .   (no shield)
rNeg    . . .      Spirit   .   b - +0 leather armour
rPois   .          Reflect  .   (helmet restricted)
rElec   .          Harm     .   (no cloak)
rCorr   .          Rampage  .   (no gloves)
Will    .....                   (no boots)
Stlth   +.........              (no amulet)
HPRegen 0.06/turn               (no ring)
MPRegen 0.07/turn               (no ring)

@: confused
A: horns 2, retaliatory headbutt
a: no special abilities


You were on level 5 of the Dungeon.
You visited 1 branch of the dungeon, and saw 1 of its levels.

Inventory:

Hand Weapons
 a - a +0 hand axe (weapon)
Armour
 b - a +0 leather armour (worn)
Jewellery
 i - a ring of wizardry
Wands
 g - a wand of digging (3)
Scrolls
 c - a scroll of fog
 d - a scroll of magic mapping
 h - a scroll of enchant armour {unknown}
Potions
 f - a potion of haste


   Skills:
 + Level 3.6 Fighting
 + Level 2.4 Axes
 + Level 2.1 Dodging
 + Level 4.1 Stealth


You couldn't memorise any spells.
You didn't know any spells.
Your spell library was empty.

Dungeon Overview and Level Annotations

Branches:
Dungeon (5/15)
 Temple: D:4-7

Altars:


Innate Abilities, Weirdness & Mutations

You have a pair of horns on your head.
You reflexively headbutt those who attack you in melee.


Message History

A wyvern zombie comes into view.
The orc wizard mumbles some strange words.
The orc wizard flickers and vanishes!
Deactivating autopickup; reactivate with Ctrl-A.
Found a dagger.
You see here a +0 dagger.
A quokka comes into view.
The quokka moves out of view.
You hear a shout!
A sky beast comes into view.
Something tries to affect you, but you resist.
The quokka closely misses you. You furiously retaliate!
You headbutt the quokka. The quokka closely misses you.
You furiously retaliate!
You headbutt the quokka, but do no damage.
An iguana comes into view.
An orc wizard appears from thin air!
Reactivating autopickup.
The quokka bites you.
A black bear comes into view.
The black bear growls angrily.
The quokka barely misses you. The quokka closely misses you.
The orc wizard gestures wildly while chanting.
The orc wizard flickers and vanishes!
Deactivating autopickup; reactivate with Ctrl-A.
The quokka closely misses you.
Found a stone staircase leading up.
The black bear bites you. The black bear claws you.
The black bear closely misses you.
The iguana hisses angrily.
The quokka bites you. The black bear barely misses you.
You furiously retaliate!
You headbutt the black bear.
The black bear claws you but does no damage.
The black bear claws you. The quokka barely misses you.
You hear some strange, mumbled words.
You are confused.
You barely miss something. Your headbutt misses something.
You hit the black bear. You closely miss the iguana. You hit the quokka.
You kill the quokka!
The iguana bites you!
You die...

<.. .... ## .... #.
..... .## #.....
#.##..##..
#.h.......
#@l.......
##{........
##..........
#.............
###.##..........
#...##........# .#
##.......o...# #.#
###
####..........##..#
##.#
##...............#


You could see a black bear, an iguana and an orc.

Vanquished Creatures
  A quokka (D:5)
1 creature vanquished.

Notes
Turn   | Place    | Note
-------+----------+-------------------------------------------
     0 | D:5      | cbfl8 the Minotaur Delver began the quest for the Orb.
     0 | D:5      | Reached XP level 1. HP: 19/19 MP: 0/0
    10 | D:5      | Noticed an orc wizard
    13 | D:5      | Noticed a wyvern zombie
    45 | D:5      | Noticed a sky beast
    59 | D:5      | Noticed an iguana
    63 | D:5      | Noticed a black bear
    68 | D:5      | Slain by an iguana

Illustrated notes

Levels and vault maps discovered:
D:5:      layout_cave_pools, temple_hall, st_stairs_4, uniq_duvessa, uniq_edmund

Action                   || total
-------------------------++-------
Melee: Hand axe          ||     1
  Use: Scroll            ||     1
Armor: Leather armour    ||     1
Dodge: Dodged            ||     8
